 Dungeon Crawl Stone Soup version 0.28.0-53-g5a82cb258f (webtiles) character file.

Game seed: 8175410245174825334

8 protoss039 the Digger (level 2, 16/21 HPs)
             Began as a Demonspawn Earth Elementalist on June 17, 2022.
             Got out of the dungeon alive.
             The game lasted 00:00:52 (707 turns).

protoss039 the Digger (DsEE)                         Turns: 707, Time: 00:00:52

Health: 16/21      AC:  2    Str:  8    XL:     2   Next: 0%
Magic:  5/5        EV: 12    Int: 16    God:
Gold:   47         SH:  0    Dex: 13    Spells: 4/5 levels left

rFire   . . .      SeeInvis .   d - +0 spear
rCold   . . .      Faith    .   (no shield)
rNeg    . . .      Spirit   .   b - +0 robe
rPois   .          Reflect  .   (helmet restricted)
rElec   .          Harm     .   (no cloak)
rCorr   .          Rampage  .   (no gloves)
Will    .....                   (no boots)
Stlth   ++........              (no amulet)
HPRegen 0.07/turn               (no ring)
MPRegen 0.09/turn               (no ring)

@: no status effects
A: antennae 1
a: no special abilities


You escaped.
You visited 1 branch of the dungeon, and saw 1 of its levels.

You collected 47 gold pieces.

Inventory:

Hand Weapons
 d - a +0 spear (weapon)
Missiles
 c - 54 stones
Armour
 b - a +0 robe (worn)
Scrolls
 f - a scroll of holy word {unknown}
 g - a scroll of identify {unknown}
Potions
 a - 2 potions of experience {unknown}
 e - a potion of curing {unknown}


   Skills:
 * Level 1.0 Fighting
 + Level 0.3 Armour
 - Level 1.7 Dodging
 - Level 1.7 Stealth
 + Level 2.1 Spellcasting
 - Level 1.0 Transmutations
 + Level 2.8 Earth Magic


You had 4 spell levels left.
You knew the following spells:

 Your Spells              Type           Power      Damage    Failure   Level
a - Sandblast             Erth           20%        2d7       7%          1

Your spell library contained the following spells:

 Spells                   Type           Power      Damage    Failure   Level
 Passwall                 Tmut/Erth      5%         N/A       14%         2
 Stone Arrow              Conj/Erth      12%        3d7       34%         3
 Petrify                  Tmut/Erth      7%         N/A       67%         4


Dungeon Overview and Level Annotations

Branches:
Dungeon (1/15)

Altars:


Innate Abilities, Weirdness & Mutations

You have a pair of small antennae on your head.


Message History

The goblin barely misses you. The goblin hits you with a +0 dagger.
A goblin is nearby!
You barely miss the goblin.
The goblin is moderately wounded.
The goblin barely misses you.
A goblin is nearby!
You hit the goblin.
The goblin is heavily wounded.
The goblin hits you with a +0 dagger.
A goblin is nearby!
A goblin is nearby!
You hit the goblin.
The goblin is severely wounded.
The goblin barely misses you.
A goblin is nearby!
You completely miss the goblin.
The goblin is severely wounded.
The goblin hits you but does no damage.
A goblin is nearby!
You closely miss the goblin.
The goblin is severely wounded.
The goblin completely misses you.
A goblin is nearby!
You hit the goblin but do no damage.
The goblin is severely wounded.
The goblin hits you with a +0 dagger.
You hit the goblin.
You kill the goblin!
Your Fighting skill increases to level 1!
You have reached level 2!
Your demonic ancestry asserts itself...
A pair of antennae grows on your head!
No target in view!
Found a fizzy black potion.
You open the door.
There is an open door here.
There is an open door here.
There is a staircase leading out of the dungeon here.
Are you sure you want to leave the Dungeon?
This will make you lose the game!
You have escaped!

#....####''####..# ##.#
#....###....###..# ##..#
#....##......##..# #...#
.######....##....#.##..###.#.#
......#....#........#..##..#.#
.!........#......#.#..##.#..#
###.......#...##...#..##.#.##
###...#.....#..####..#..##.#.#
............'..'@>+..+...#.#.#
#...........#..####..#...#.#.#
............#...##...#...#.#.#
............#.#......#...#.#.###
#.>.........#........#.(.......#
#.#...#†....##.#....##.....#.#.#
#..####.....##......##.........#
##..###.....###....###.....#.###
#......#...####++####.....#.#


There were no monsters in sight!

Vanquished Creatures
  A bat (D:1)
  A giant cockroach (D:1)
  A goblin (D:1)
  2 hobgoblins (D:1)
  2 rats (D:1)
7 creatures vanquished.

Notes
Turn   | Place    | Note
-------+----------+-------------------------------------------
     0 | D:1      | protoss039 the Demonspawn Earth Elementalist began the
                  | quest for the Orb.
     0 | D:1      | Reached XP level 1. HP: 13/13 MP: 3/3
   216 | D:1      | Reached skill level 1 in Transmutations
   682 | D:1      | Reached skill level 1 in Fighting
   682 | D:1      | Gained mutation: You have a pair of small antennae on your
                  | head. [demonic ancestry]
   682 | D:1      | Reached XP level 2. HP: 14/21 MP: 5/5
   707 | D:$      | Got out of the dungeon alive.

Illustrated notes

Levels and vault maps discovered:
D:1:      dpeg_arrival_refuge, layout_rooms, serial_shops, shop, grunt_decor_cap

Skill      XL: |  1 |
---------------+----+-----
Transmutations | 1 |  1.0
Fighting       | 1 |  1.0
Armour         | |  0.3
Dodging        | |  1.7
Stealth        | |  1.7
Spellcasting   | |  2.1
Earth Magic    | |  2.8

Action                   || total
-------------------------++-------
Melee: Spear             ||    43
 Cast: Sandblast         ||     3
 Stab: Sleeping          ||     3
Armor: Robe              ||    13
Dodge: Dodged            ||    19
